 Dungeon Crawl Stone Soup version 0.29.1-1-gd02db6906a (webtiles) character file.

Game seed: 6014760981297236899

284 jimonade the Shooter (level 6, -1/39 HPs)
             Began as an Octopode Hunter on Sept 17, 2022.
             Was an Initiate of Hepliaklqana.
             Slain by a hound (2 damage)
             ... on level 5 of the Dungeon.
             The game lasted 00:06:18 (4971 turns).

jimonade the Shooter (Octopode Hunter)              Turns: 4971, Time: 00:06:18

Health: -1/39      AC:  1    Str: 11    XL:     6   Next: 29%
Magic:  6/6        EV: 13    Int: 11    God:    Hepliaklqana [......]
Gold:   282        SH:  0    Dex: 17    Spells: 5/5 levels left

rFire   + . .      SeeInvis .   a - +0 shortbow
rCold   . . .      Faith    .   (shield currently unavailable)
rNeg    . . .      Spirit   .   (helmet restricted)
rPois   .          Reflect  .   (no amulet)
rElec   .          Harm     .   r - ring of protection from fire
rCorr   .          Rampage  .   (no ring)
Will    .....                   (no ring)
Stlth   +++.......              (no ring)
HPRegen 0.13/turn               (no ring)
MPRegen 0.10/turn               (no ring)
                                (no ring)
                                (no ring)

@: no status effects
A: almost no armour, amphibious, 8 rings, camouflage 1, gelatinous body 1,
(nimble swimmer 1), tentacles
a: Renounce Religion


You were on level 5 of the Dungeon.
You worshipped Hepliaklqana.
Hepliaklqana was noncommittal.
You visited 2 branches of the dungeon, and saw 6 of its levels.

You collected 282 gold pieces.

Inventory:

Hand Weapons
 a - a +0 shortbow (weapon)
 b - a +3 dagger of venom
 o - a +0 sling
Missiles
 p - 2 throwing nets
 v - 5 poisoned darts
Jewellery
 r - a ring of protection from fire (left tentacle)
Wands
 m - a wand of digging (3)
Scrolls
 e - a scroll of poison {unknown}
 f - 2 scrolls of butterflies {unknown}
 g - a scroll of immolation
 h - 2 scrolls of summoning {unknown}
 i - 7 scrolls of identify {unknown}
 j - a scroll of magic mapping {unknown}
 k - 2 scrolls of blinking {unknown}
 u - a scroll of vulnerability {unknown}
 w - a scroll of amnesia {unknown}
Potions
 c - 3 potions of curing {unknown}
 d - 4 potions of mutation {unknown}
 l - 2 potions of flight {unknown}
 n - a potion of invisibility {unknown}
 q - a potion of brilliance {unknown}
 s - a potion of haste {unknown}
 t - a potion of lignification {unknown}


   Skills:
 - Level 2.0 Fighting
 + Level 7.4 Ranged Weapons
 - Level 2.0 Dodging
 - Level 1.3 Stealth


You had 5 spell levels left.
You didn't know any spells.
Your spell library contained the following spells:

 Spells                   Type           Power      Damage    Failure   Level
 Shock                    Conj/Air       0%         1d3       34%         1
 Swiftness                Air            0%         N/A       71%         3
 Airstrike                Air            0%         2d(0-16)  98%         4


Dungeon Overview and Level Annotations

Branches:
Dungeon (5/15)             Temple (1/1) D:4

Altars:
Ashenzari
Cheibriados
Dithmenos
Elyvilon
Gozag
Hepliaklqana
Kikubaaqudgha
Okawaru
Ru
Sif Muna
Trog
Uskayaw
Wu Jian
Xom
Yredelemnul
Zin
The Shining One

Shops:
D:3 !


Innate Abilities, Weirdness & Mutations

You cannot wear most types of armour.
You are amphibious.
You can wear up to eight rings at the same time.
Your skin changes colour to match your surroundings (Stealth+).
Your rubbery body absorbs attacks. (AC +1, EV +1)
((You are camouflaged when in or above water. (Stealth+)))
You have tentacles for arms and can constrict up to eight enemies at once.


Message History

You shoot an arrow. The arrow hits the hound.
The hound is almost dead.
The hound closely misses you.
Fire: a) +0 shortbow
Press: ? - help, Q - select action, (/) - cycle Shift-Dir - straight line, f/p - hound
Aim: a hound (almost dead, 54% to hit)
You shoot an arrow. The arrow closely misses the hound.
The hound bites you.
* * * LOW HITPOINT WARNING * * *
The hound bites you.
* * * LOW HITPOINT WARNING * * *
Fire: a) +0 shortbow
Press: ? - help, Q - select action, (/) - cycle Shift-Dir - straight line, f/p - hound
Aim: a hound (almost dead, 54% to hit)
You shoot an arrow. The arrow closely misses the hound.
The hound barely misses you. x2
Fire: a) +0 shortbow
Press: ? - help, Q - select action, (/) - cycle Shift-Dir - straight line, f/p - hound
Aim: a hound (almost dead, 54% to hit)
You shoot an arrow. The arrow barely misses the hound.
The hound closely misses you.
Fire: a) +0 shortbow
Press: ? - help, Q - select action, (/) - cycle Shift-Dir - straight line, f/p - hound
Aim: a hound (almost dead, 54% to hit)
You shoot an arrow. The arrow misses the hound.
The hound barely misses you. The hound bites you.
* * * LOW HITPOINT WARNING * * *
Fire: a) +0 shortbow
Press: ? - help, Q - select action, (/) - cycle Shift-Dir - straight line, f/p - hound
Aim: a hound (almost dead, 54% to hit)
You shoot an arrow. The arrow barely misses the hound.
The hound bites you.
* * * LOW HITPOINT WARNING * * *
The hound barely misses you.
Fire: a) +0 shortbow
Press: ? - help, Q - select action, (/) - cycle Shift-Dir - straight line, f/p - hound
Aim: a hound (almost dead, 54% to hit)
You shoot an arrow. The arrow closely misses the hound.
The hound closely misses you. The hound bites you.
You die...

.##.#.#..##...#.#.#
.##.#.#..##...#.#.#
.#....#...........#####
...#####...............
).................#####
........)##...#...#####
...#.....##..........)<
##.......
#...#...#####. ##......
#.....@h...... .##.##
#..###..####.. ..
....... #..# # ###.
#...# #. #.#.# #....
#..#.. ##. .##


You could see a hound.

Vanquished Creatures
  A jelly (D:4)
  Terence (D:2)
  An iguana (D:5)
  Natasha (D:2)
  An orc wizard (D:3)
  7 adders
  A worm (D:2)
  6 dart slugs
  4 orcs (D:3)
  4 ball pythons
  5 endoplasms
  A giant cockroach (D:1)
  7 goblins
  6 hobgoblins
  2 jackals (D:1)
  2 quokkas
  8 bats
  5 frilled lizards
  7 kobolds
  5 rats
75 creatures vanquished.

Vanquished Creatures (others)
  A fungus (D:2)
  A plant (D:2)
2 creatures vanquished.

Grand Total: 77 creatures vanquished

Notes
Turn   | Place    | Note
-------+----------+-------------------------------------------
     0 | D:1      | jimonade the Octopode Hunter began the quest for the Orb.
     0 | D:1      | Reached XP level 1. HP: 14/14 MP: 1/1
   167 | D:1      | Reached XP level 2. HP: 19/19 MP: 2/2
   304 | D:1      | Reached XP level 3. HP: 22/24 MP: 3/3
   540 | D:1      | Reached skill level 5 in Ranged Weapons
  1116 | D:2      | Found a faded altar of an unknown god.
  1382 | D:2      | Reached XP level 4. HP: 29/29 MP: 4/4
  1444 | D:2      | Noticed Natasha
  1450 | D:2      | Killed Natasha
  1627 | D:2      | Noticed Terence
  1641 | D:2      | Killed Terence
  1642 | D:2      | Reached skill level 6 in Ranged Weapons
  1659 | D:2      | Reached XP level 5. HP: 19/34 MP: 5/5
  3309 | D:3      | Found Onirchufi's Distillery.
  3713 | D:4      | Reached skill level 7 in Ranged Weapons
  3896 | D:4      | Reached XP level 6. HP: 39/39 MP: 6/6
  4066 | D:4      | Found a staircase to the Ecumenical Temple.
  4200 | Temple   | Entered the Ecumenical Temple
  4382 | Temple   | Became a worshipper of Hepliaklqana the Forgotten
  4588 | D:5      | Entered Level 5 of the Dungeon
  4595 | D:5      | Found an ancient bone altar of Kikubaaqudgha.
  4970 | D:5      | HP: 1/39 [hound (1)]
  4971 | D:5      | Slain by a hound

Illustrated notes

Levels and vault maps discovered:
D:1:      dpeg_arrival_triangle_fractal, layout_basic
D:2:      layout_basic, shapermc_ecumenical_altar_acropolis, uniq_natasha,
          uniq_terence
D:3:      layout_rooms, serial_shops, nicolae_shop_hallway_stairs,
          minmay_crystal_room, nicolae_concentric_dashed_squares_mild,
          st_stairs_14, grunt_decor_cap
D:4:      layout_basic, lemuel_temple_firewalk_a
D:5:      layout_loops_ring, general_overflow_altar, serial_shops,
          nicolae_square_shop, kennysheep_mini_moat, uniq_pikel, uniq_eustachio,
          uniq_crazy_yiuf_cottage
Temple:   eino_temple_scatter_basement

Skill      XL: |  1  2  3  4  5 |
---------------+----------------+-----
Ranged Weapons | 5 6 7 |  7.4
Fighting       | |  2.0
Dodging        | |  2.0
Stealth        | |  1.3

Action                   |  1- 3 |  4- 6 || total
-------------------------+-------+-------++-------
 Fire: Shortbow          |    74 |   190 ||   264
Armor: Skin              |     1 |     7 ||     8
Dodge: Dodged            |    17 |    73 ||    90
